 Dungeon Crawl Stone Soup version 0.25.0-10-g039870ee82 (webtiles) character file.

Game seed: 4571182494143213601

3131 Delamore the Basher (level 9, 0/55 HPs)
             Began as a Gargoyle Fighter on June 23, 2020.
             Was a Believer of Okawaru.
             Slain by Pikel
             ... wielding a +1 whip of freezing
              (6 damage)
             ... on level 8 of the Dungeon.
             The game lasted 00:09:01 (8471 turns).

Delamore the Basher (Gargoyle Fighter)              Turns: 8471, Time: 00:09:02

Health: 0/55       AC: 18    Str: 24    XL:     9   Next: 92%
Magic:  3/3        EV:  9    Int: 16    God:    Okawaru [**....]
Gold:   100        SH: 10    Dex:  9    Spells: 6/8 levels left

rFire    . . .     SeeInvis +   m - +2 whip (antimagic)
rCold    . . .     Gourm    .   c - +0 kite shield
rNeg     + . .     Faith    +   J - +0 acid dragon scales
rPois    ∞         Spirit   .   F - +3 hat "Ytotz" {rPois MR+ Int+2 SInv}
rElec    +         Reflect  .   g - +0 cloak
rCorr    +         Harm     .   I - +0 pair of gloves (curse)
MR       +....                  (no boots)
Stlth    +.........             n - amulet of faith
HPRegen  0.18/turn              r - +6 ring of intelligence
MPRegen  0.08/turn              w - ring of resist corrosion

@: no status effects
A: negative energy resistance 1, electricity resistance, unbreathing,
petrification resistance, rot immunity, AC +6
a: Heroism, Renounce Religion


You were on level 8 of the Dungeon.
You worshipped Okawaru.
Okawaru was pleased with you.
You were not hungry.

You visited 1 branch of the dungeon, and saw 8 of its levels.
You also visited: Sewer.

You collected 361 gold pieces.
You spent 261 gold pieces at shops.

Inventory:

Hand Weapons
 a - a +0 flail
 m - a +2 antimagic whip (weapon)
 Q - a +4 mace
Missiles
 s - 15 poisoned darts (quivered)
 t - 4 silver javelins
Armour
 c - a +0 kite shield (worn)
 g - a +0 cloak (worn)
 F - the +3 hat "Ytotz" (worn) {rPois MR+ Int+2 SInv}
   (You bought it in a shop on level 5 of the Dungeon)

   It affects your intelligence (+2).
   It protects you from poison.
   It affects your resistance to hostile enchantments.
   It lets you see invisible.
 I - a cursed +0 pair of gloves (worn)
 J - +0 acid dragon scales (worn)
Jewellery
 n - an amulet of faith (around neck)
 r - a +6 ring of intelligence (left hand)
 w - a ring of resist corrosion (right hand)
Wands
 E - a wand of acid (5)
 G - a wand of enslavement (9)
 K - a wand of flame (13)
Scrolls
 e - 3 scrolls of amnesia
 h - 2 scrolls of magic mapping
 i - 4 scrolls of blinking
 k - 4 scrolls of remove curse
 u - a scroll of fear
 v - 4 scrolls of fog
 x - 2 scrolls of noise
 y - 4 scrolls of teleportation
 C - a scroll of random uselessness
 L - a scroll of summoning {unknown}
 M - a scroll of enchant armour {unknown}
 N - a scroll of identify
 P - a scroll of enchant weapon {unknown}
Potions
 b - 2 potions of resistance {unknown}
 d - 3 potions of might
 j - 5 potions of heal wounds
 l - 2 potions of magic
 o - a potion of berserk rage {unknown}
 p - 2 potions of stabbing {unknown}
 q - 4 potions of curing
 z - a potion of brilliance {unknown}
 A - 2 potions of flight
 B - 3 potions of haste {unknown}
 D - 3 potions of lignification
 H - 2 potions of mutation {unknown}
 O - a potion of degeneration {unknown}
Comestibles
 f - 9 rations
 R - 12 chunks of flesh


   Skills:
 + Level 5.7 Fighting
 + Level 12.0 Maces & Flails
 - Level 3.2 Armour
 + Level 5.7 Shields


You had 6 spell levels left.
You knew the following spells:

 Your Spells              Type           Power        Failure   Level  Hunger
a - Blink                 Tloc           N/A          83%         2    ###....

Your spell library contained the following spells:

 Spells                   Type           Power        Failure   Level  Hunger
 Animate Skeleton         Necr           N/A          71%         1    ##.....
 Magic Dart               Conj           #...         71%         1    ##.....
 Pain                     Necr           #...         71%         1    ##.....
 Shock                    Conj/Air       #...         71%         1    ##.....
 Call Imp                 Summ           #.......     83%         2    ###....
 Slow                     Hex            #.......     83%         2    ###....
 Swiftness                Chrm/Air       #.......     83%         2    ###....
 Conjure Flame            Conj/Fire      #.......     97%         3    ####...
 Mephitic Cloud           Conj/Pois/Air  #.......     97%         3    ####...
 Static Discharge         Conj/Air       #.......     97%         3    ####...
 Vampiric Draining        Necr           #.........   97%         3    ####...
 Airstrike                Air            #.........   100%        4    #####..
 Animate Dead             Necr           N/A          100%        4    #####..
 Agony                    Necr           #.......     100%        5    ######.
 Lightning Bolt           Conj/Air       #.........   100%        5    ######.


Dungeon Overview and Level Annotations

Branches:
Dungeon (8/15)             Temple (0/1) D:6           Sewer (visited)
   Lair: D:8-11

Altars:
Ashenzari
Cheibriados
Elyvilon
Fedhas
Gozag
Kikubaaqudgha
Nemelex Xobeh
Okawaru
Sif Muna
Yredelemnul
The Shining One

Shops:
D:4 (   D:5 [

Annotations:
D:4 1 runed translucent door, hofbold's ghost, amateur BaIE
D:8 Grum; Pikel


Innate Abilities, Weirdness & Mutations

You are resistant to torment.
Your stone body is resilient. (AC +6)
You are immune to poison.
You resist negative energy. (rN+)
You are resistant to electric shocks. (rElec)
You can survive without breathing.
You are immune to petrification.
You are immune to rotting.


Message History

Your shield and acid dragon scales prevent you from hitting Pikel.
Pikel is almost dead.
You block Pikel's attack.
You hit Pikel but do no damage.
Pikel is almost dead.
The slave is no longer covered in acid.
You block Grum's attack.
You completely miss Pikel.
Pikel is almost dead.
Pikel zaps a wand.
Pikel creates a blast of poison gas!
You closely miss Pikel.
Pikel is almost dead.
You block Grum's attack.
You hit Pikel.
Pikel is almost dead.
Pikel zaps a wand.
Pikel creates a blast of flame!
You miss Pikel.
Pikel is almost dead.
You block Grum's attack.
Pikel hits you with a +1 whip of freezing.
You die...

#.
###..######.##
#..# #..# #..#
##.# #..# #.#
#..# #.# ##§#
#.#### #§#
#..(.## #§#
####..# #@#
##)# #K## #.#
#pg# #.# #p.##
### #(.†#
##†..# #.#.#
#.#># #.#..


You could see Grum, Pikel and 2 slaves.

Vanquished Creatures
  Maggie (D:6)
  A water moccasin (D:6)
  Duvessa (D:4)
  An orc warrior (D:7)
  A black bear (D:7)
  A sky beast (D:7)
  A wolf (D:8)
  2 ogres
  2 phantoms (D:7)
  5 centaurs
  4 bullfrogs
  Dowan (D:4)
  A wyvern skeleton (D:7)
  6 wights
  2 crimson imps
  A bullfrog zombie (D:4)
  A quasit (D:5)
  An orc priest (D:5)
  5 hounds
  Crazy Yiuf (D:2)
  A bullfrog skeleton (D:5)
  2 orc wizards
  An iguana (D:2)
  5 worker ants
  A killer bee zombie (D:8)
  16 adders
  6 river rats
  An ooze (D:5)
  2 adder skeletons
  2 worms
  2 dart slugs (D:1)
  2 leopard geckos
  11 orcs
  14 ball pythons
  12 bats
  3 giant cockroaches
  6 goblins
  9 hobgoblins
  12 jackals
  8 kobolds
  7 frilled lizards
  33 rats
195 creatures vanquished.

Vanquished Creatures (others)
  2 slaves (D:8)
  2 wolves (D:8)
  A scorpion (D:8)
  A hound (D:8)
6 creatures vanquished.

Grand Total: 201 creatures vanquished

Notes
Turn   | Place    | Note
-------+----------+-------------------------------------------
     0 | D:1      | Delamore the Gargoyle Fighter began the quest for the Orb.
     0 | D:1      | Reached XP level 1. HP: 14/14 MP: 1/1
   194 | D:1      | Reached XP level 2. HP: 19/19 MP: 2/2
   360 | D:1      | Reached skill level 3 in Maces & Flails
   769 | D:1      | Reached XP level 3. HP: 23/23 MP: 1/3
   957 | D:2      | Reached skill level 4 in Maces & Flails
  1044 | D:2      | Reached XP level 4. HP: 28/28 MP: 1/4
  1386 | D:2      | Found a snail-covered altar of Cheibriados.
  1428 | D:2      | Found a runed translucent door.
  1429 | D:2      | Noticed Crazy Yiuf
  1464 | D:2      | Killed Crazy Yiuf
  1464 | D:2      | Reached skill level 5 in Maces & Flails
  1464 | D:2      | Reached XP level 5. HP: 28/32 MP: 1/5
  1826 | D:3      | Found a glowing golden altar of the Shining One.
  2315 | D:3      | Found a sparkling altar of Nemelex Xobeh.
  2332 | D:3      | Found a shimmering blue altar of Sif Muna.
  2427 | D:3      | Found an opulent altar of Gozag.
  2592 | D:4      | Noticed an ogre
  2602 | D:4      | Killed an ogre
  2602 | D:4      | Reached skill level 6 in Maces & Flails
  2602 | D:4      | Reached XP level 6. HP: 16/37 MP: 2/6
  2603 | D:4      | Found a glowing drain.
  2727 | Sewer    | Entered a sewer
  3244 | Sewer    | Reached skill level 7 in Maces & Flails
  3486 | Sewer    | Reached XP level 7. HP: 29/41 MP: 2/7
  3856 | D:4      | Found a sparkling altar of Nemelex Xobeh.
  3941 | D:4      | Learned a level 2 spell: Blink
  4054 | D:4      | Reached skill level 8 in Maces & Flails
  4184 | D:4      | Noticed Duvessa
  4184 | D:4      | Noticed Dowan
  4217 | D:4      | Killed Duvessa
  4222 | D:4      | Killed Dowan
  4339 | D:4      | Found Woumuto's Antique Weapon Shoppe.
  4413 | D:4      | Found a runed translucent door.
  4413 | D:4      | Noticed hofbold's ghost (amateur BaIE)
  4604 | D:5      | Entered Level 5 of the Dungeon
  4618 | D:5      | Reached skill level 9 in Maces & Flails
  4618 | D:5      | Reached XP level 8. HP: 27/46 MP: 2/8
  4808 | D:5      | Found Suixtedi's Antique Armour Shoppe.
  4816 | D:5      | Bought a translucent hat for 261 gold pieces
  4821 | D:5      | Identified the +3 hat "Ytotz" {rPois MR+ Int+2 SInv} (You
                  | bought it in a shop on level 5 of the Dungeon)
  4958 | D:5      | Found a blossoming altar of Fedhas.
  5104 | D:5      | Got a slimy robe
  5115 | D:5      | Identified the +0 robe of Pounemot {rC+} (You found it on
                  | level 5 of the Dungeon)
  5185 | D:5      | Found an iron altar of Okawaru.
  5196 | D:5      | Became a worshipper of Warmaster Okawaru
  5401 | D:5      | Found a shattered altar of Ashenzari.
  5691 | D:6      | Found a basalt altar of Yredelemnul.
  5709 | D:6      | Noticed Maggie
  5745 | D:6      | Killed Maggie
  5745 | D:6      | Reached * piety under Okawaru
  5745 | D:6      | Reached skill level 10 in Maces & Flails
  6010 | D:6      | Found a staircase to the Ecumenical Temple.
  6161 | D:6      | Reached skill level 11 in Maces & Flails
  6161 | D:6      | Reached XP level 9. HP: 43/51 MP: 3/9
  6216 | D:6      | Found a white marble altar of Elyvilon.
  6343 | D:6      | Found an ancient bone altar of Kikubaaqudgha.
  7832 | D:7      | Reached ** piety under Okawaru
  8120 | D:7      | Reached skill level 5 in Fighting
  8120 | D:7      | Reached skill level 5 in Shields
  8359 | D:8      | Reached skill level 12 in Maces & Flails
  8389 | D:8      | Noticed Pikel
  8398 | D:8      | Noticed Grum
  8471 | D:8      | Slain by Pikel

Illustrated notes

Levels and vault maps discovered:
D:1:      co_arrival_random_square_maze, layout_basic
D:2:      layout_rooms, cheibriados_altar_1, uniq_crazy_yiuf_cottage
D:3:      layout_loops_corners, nicolae_overflow_quartered_altars, first_ration,
          item_on_display_a
D:4:      layout_basic, hellmonk_ghost_happy_afterlife, portal_sewer_entry_c,
          serial_shops, nicolae_shop_waterfront, roderic_lattice_a,
          nemelex_spade_bored_becter, uniq_duvessa
D:5:      layout_loops_ring, okawaru_gym_becter, marbit_many_paths,
          serial_shops, nicolae_shop_overgrown_old_shop, fedhas_ov_isle_minmay
D:6:      layout_gridville, kennysheep_ying_yang, lemuel_doored_altar,
          minmay_temple_entry_poolview, uniq_maggie
D:7:      layout_basic, corexii_corridor_pit
D:8:      hangedman_cross_stitches, layout_rooms, lair_entry_dummy, uniq_grum,
          uniq_harold, uniq_pikel

Skill      XL: |  1  2  3  4  5  6  7  8  9 |
---------------+----------------------------+-----
Maces & Flails | 3 4 5 6 7 9 11 12 | 12.0
Shields        | 5 |  5.7
Fighting       | 5 |  5.7
Armour         | |  3.2

Action                   |  1- 3 |  4- 6 |  7- 9 || total
-------------------------+-------+-------+-------++-------
Melee: Flail             |    48 |       |       ||    48
       Whip              |    75 |   401 |   645 ||  1121
Throw: Dart              |       |       |    13 ||    13
       Javelin           |       |       |     2 ||     2
Evoke: Wand              |       |       |     2 ||     2
  Use: Scroll            |       |     4 |    10 ||    14
       Potion            |       |     2 |       ||     2
  Eat: Chunk             |     1 |     8 |    16 ||    25
Armor: Scale mail        |    64 |   281 |   136 ||   481
       Acid dragon scale |       |       |   146 ||   146
Dodge: Dodged            |    53 |   117 |   158 ||   328
Block: Kite shield       |    71 |   234 |   273 ||   578
